 Dungeon Crawl Stone Soup version 0.23.0-3-gf3c87f2 (webtiles) character file.

Game seed: 14710214445639472597

87 misha the Shield-Bearer (level 4, -15/41 HPs)
             Began as a Minotaur Fighter on Feb 21, 2019.
             Demolished by a polar bear (24 damage)
             ... created by the rage of Trog
             ... on level 3 of the Dungeon.
             The game lasted 00:14:40 (2779 turns).

misha the Shield-Bearer (Minotaur Fighter)          Turns: 2779, Time: 00:14:41

Health: -15/41     AC:  9    Str: 21    XL:     4   Next: 28%
Magic:  3/3        EV:  5    Int:  5    God:
Gold:   117        SH: 10    Dex: 10    Spells: 3/3 levels left

rFire    . . .     SeeInvis .   s - -3 hunting sling (curse)
rCold    . . .     Gourm    .   c - +1 shield
rNeg     . . .     Faith    .   f - +0 chain mail
rPois    .         Spirit   .   (helmet restricted)
rElec    .         Reflect  .   (no cloak)
rCorr    .         Harm     .   (no gloves)
MR       .....     Rnd*Tele +   (no boots)
Stlth    ..........             (no amulet)
HPRegen  0.13/turn              g - ring of teleportation (curse)
MPRegen  0.08/turn              (no ring)

@: no status effects
A: retaliatory headbutt, horns 2
a: no special abilities


You were on level 3 of the Dungeon.
You were not hungry.

You visited 1 branch of the dungeon, and saw 3 of its levels.

You collected 117 gold pieces.

Inventory:

Hand Weapons
 a - a +0 flail
 m - a +0 dagger
 s - a cursed -3 hunting sling (weapon)
 t - a +0 whip
Missiles
 l - 50 stones (quivered)
Armour
 b - a +0 scale mail
 c - a +1 shield (worn)
 f - a +0 chain mail (worn)
Jewellery
 g - a cursed ring of teleportation (left hand)
Scrolls
 r - a scroll of remove curse
Potions
 d - a potion of might
 e - a potion of invisibility {unknown}
 h - a potion of cancellation {unknown}
 i - 3 potions of curing {unknown}
 k - 3 potions of haste {unknown}
 n - a potion of ambrosia {unknown}
 o - 2 potions of brilliance {unknown}
Comestibles
 p - 2 rations


   Skills:
 + Level 4.5 Fighting
 + Level 3.2 Maces & Flails
 + Level 4.2 Armour
 - Level 0.1 Dodging
 + Level 4.5 Shields


You had 3 spell levels left.
You didn't know any spells.
Your spell library was empty.

Dungeon Overview and Level Annotations

Branches:
Dungeon (3/15)

Altars:
Trog


Innate Abilities, Weirdness & Mutations

You reflexively headbutt those who attack you in melee.
You have a pair of horns on your head.


Message History

It is a scroll of enchant armour.
Your +0 shield glows green for a moment.
As you read the scroll labeled FUNULL IDIREG, it crumbles to dust.
You feel strangely unstable.
It was a scroll of teleportation.
The polar bear bites you! The polar bear barely misses you. x2
The polar bear bites you but does no damage.
The polar bear claws you. You block the polar bear's attack.
Unknown command.
As you read the scroll of teleportation, it crumbles to dust.
You feel strangely stable. The polar bear barely misses you.
The polar bear claws you.
* * * LOW HITPOINT WARNING * * *
You block the polar bear's attack. The polar bear bites you.
* * * LOW HITPOINT WARNING * * *
The polar bear claws you but does no damage.
You block the polar bear's attack.
The black bear rages.
The polar bear bites you!!
Ouch! That really hurt!
You die...

#.# #.#
#.# #.#
#.# #h#
######h#
#<†.hh@#
########


You could see 3 polar bears and a black bear (berserk).

Vanquished Creatures
  4 adders
  A worm (D:2)
  4 dart slugs
  A leopard gecko (D:2)
  2 bats
  2 giant cockroaches
  6 goblins
  A hobgoblin (D:1)
  4 jackals (D:2)
  3 kobolds
  A quokka (D:2)
  A ball python (D:2)
  5 frilled lizards
  7 rats
42 creatures vanquished.

Notes
Turn   | Place    | Note
-------+----------+-------------------------------------------
     0 | D:1      | misha the Minotaur Fighter began the quest for the Orb.
     0 | D:1      | Reached XP level 1. HP: 19/19 MP: 0/0
   292 | D:1      | Reached XP level 2. HP: 26/27 MP: 1/1
  1205 | D:2      | Reached XP level 3. HP: 33/33 MP: 2/2
  1259 | D:2      | Found a bloodstained altar of Trog.
  1321 | D:2      | Became a worshipper of Trog the Wrathful
  1543 | D:2      | Fell from the grace of Trog
  2269 | D:2      | Reached XP level 4. HP: 41/41 MP: 3/3
  2777 | D:3      | Noticed a black bear
  2777 | D:3      | Noticed a polar bear
  2777 | D:3      | Noticed a polar bear
  2777 | D:3      | Noticed a polar bear
  2779 | D:3      | Demolished by a polar bear

Skill      XL: |  1  2  3 |
---------------+----------+-----
Shields        | 4 |  4.5
Fighting       | 4 |  4.5
Maces & Flails | 3 |  3.2
Armour         | 4 |  4.2
Dodging        | |  0.1

Action                   |  1- 3 |  4- 6 || total
-------------------------+-------+-------++-------
Melee: Flail             |    89 |       ||    89
       Headbutt          |    10 |     3 ||    13
       Hunting sling     |    20 |    17 ||    37
 Fire: Hunting sling     |    47 |    32 ||    79
Throw: Stone             |     3 |       ||     3
Invok: Renounce Religion |     1 |       ||     1
  Use: Scroll            |     3 |     3 ||     6
  Eat: Ration            |     2 |       ||     2
Armor: Scale mail        |    59 |       ||    59
       Chain mail        |       |    13 ||    13
Dodge: Dodged            |    37 |    11 ||    48
Block: Shield            |    66 |    24 ||    90
